 Dungeon Crawl Stone Soup version 0.29.1-1-gd02db6906a (webtiles) character file.

Game seed: 1276732273004298717

282 Sanktem7 the Trooper (level 6, -8/58 HPs)
             Began as a Minotaur Fighter on Oct 2, 2022.
             Mangled by Prince Ribbit (9 damage)
             ... on level 5 of the Dungeon.
             The game lasted 00:03:17 (2028 turns).

Sanktem7 the Trooper (Minotaur Fighter)             Turns: 2028, Time: 00:03:18

Health: -8/58      AC: 10    Str: 22    XL:     6   Next: 6%
Magic:  5/5        EV:  7    Int:  5    God:
Gold:   81         SH:  4    Dex: 10    Spells: 5/5 levels left

rFire   . . .      SeeInvis .   q - +1 war axe (flame) {axe}
rCold   . . .      Faith    .   c - +0 buckler
rNeg    . . .      Spirit   .   j - +0 chain mail
rPois   +          Reflect  .   (helmet restricted)
rElec   .          Harm     .   (no cloak)
rCorr   .          Rampage  .   n - +0 pair of gloves
Will    .....                   (no boots)
Stlth   ..........              (no amulet)
HPRegen 0.19/turn               e - ring of poison resistance
MPRegen 0.09/turn               m - ring of flight

@: flying
A: horns 2, retaliatory headbutt
a: no special abilities


You were on level 5 of the Dungeon.
You visited 1 branch of the dungeon, and saw 4 of its levels.

You collected 81 gold pieces.


Innate Abilities, Weirdness & Mutations

You have a pair of horns on your head.
You reflexively headbutt those who attack you in melee.


   Skills:
 * Level 6.3 Fighting
 * Level 5.7 Axes
 - Level 3.6 Armour
 - Level 3.6 Shields


You had 5 spell levels left.
You didn't know any spells.
Your spell library contained the following spells:

 Spells                   Type           Power      Damage    Failure   Level
 Foxfire                  Conj/Fire      0%         2x1d4     99%         1
 Conjure Flame            Conj/Fire      0%         6-21      100%        3
 Inner Flame              Hex/Fire       0%         N/A       100%        3
 Flame Wave               Conj/Fire      0%         2d4       100%        4

Inventory:

Hand Weapons
 q - a +1 war axe of flaming (weapon) {axe}
   (You took it off an orc on level 4 of the Dungeon)
Missiles
 a - 3 boomerangs {throwing}
 f - 5 stones (quivered) {throwing}
Armour
 c - a +0 buckler (worn)
 j - a +0 chain mail (worn)
   (You found it on level 1 of the Dungeon)
 n - a +0 pair of gloves (worn)
   (You found it on level 4 of the Dungeon)
Jewellery
 e - a ring of poison resistance (left hand)
   (You found it on level 1 of the Dungeon)
 m - a ring of flight (right hand)
   (You found it on level 2 of the Dungeon)
Scrolls
 b - 2 scrolls of identify {unknown}
 g - a scroll of noise {unknown}
 i - a scroll of fear {unknown}
 k - a scroll of summoning {unknown}
 l - a scroll of enchant armour {unknown}
 r - a scroll of blinking {unknown}
Potions
 d - a potion of might
 h - 3 potions of flight {unknown}
 o - a potion of curing {unknown}
 p - a potion of mutation {unknown}

Dungeon Overview and Level Annotations

Branches:
Dungeon (5/15) Zot: 21935
 Temple: D:4-7

Altars:

Annotations:
D:5 1 runed translucent door, Crazy Yiuf, Prince Ribbit

..... #.## #.... #.#.#
.... .#.#.# ...
#.#.#.#+#.##♣♣♣♣♣
.#.#.#.#.#....♣F♣♣♣
#.#.#.#.#......♣@.♣
.#.#.#.#w.....♣♣♣♣.+...#
#.#.#.#.#o...♣♣ ♣#..)#
.#.#.#.#.###♣♣ ###
#.#.#.#.#.# .#.#.#.#!##
#.#w#o#.#.# .#.#.#.#.#.#
#F#.#.#.#.#$#


You could see Prince Ribbit.


Message History

Menkaure casts a spell.
Menkaure seems to speed up.
Menkaure blazes with dark energy!
You block the goblin's attack.
You barely miss the goblin.
You headbutt the goblin, but do no damage.
The goblin hits you but does no damage.
The goblin hits you with a +0 club. 😕 HP[-3]
You take 3 damage, and now have 46/49 hp.
You closely miss the goblin.
An orc priest comes into view. It is wielding a +0 club.
The goblin barely misses you.
You slash the goblin! You burn the goblin.
You kill the goblin!
Menkaure mumbles in an indecipherable tongue.
You block Menkaure's attack.
You hit Menkaure. You burn Menkaure.
An orc priest comes into view. It is wielding a +0 short sword.
Menkaure closely misses you. You block Menkaure's attack.
Unknown command.
The orc priest shouts!
You hit Menkaure. You burn Menkaure.
A dart slug comes into view.
Menkaure hits you! 😕 HP[-8]
You take 8 damage, and now have 38/49 hp.
You barely miss Menkaure. Menkaure closely misses you. You furiously retaliate!
You headbutt Menkaure!
The orc priest mumbles some strange prayers to Beogh against you.
Beogh smites you! Menkaure hits you.
* * * LOW HITPOINT WARNING * * *
😨 HP[-15]
You take 15 damage, and now have 23/49 hp.
MASSIVE DAMAGE!! (PAUSE)
You slash Menkaure! You burn Menkaure.
You destroy Menkaure!
The orc priest calls down the wrath of Beogh upon you.
Beogh smites you!
* * * LOW HITPOINT WARNING * * *
Your Fighting skill increases to level 6!
Your Axes skill increases to level 5!
You have reached level 6! 😱 HP[-11] MP[+1]
You now have 58 max hp (+9).
You take 11 damage, and now have 12/58 hp.
Your mp is fully restored (5).
You hit the orc but do no damage. Your headbutt misses the orc.
The orc priest calls down the wrath of Beogh upon you.
Beogh smites you!
* * * LOW HITPOINT WARNING * * *
You block the orc's attack. 😱 HP[-9]
You take 9 damage, and now have 3/58 hp.
The orc priest looks braver for a moment. 😱 HP[+1]
The orc attacks as you move away! The orc barely misses you.
The orc priest begins to cast a cantrip, but forgets the words!
The orc attacks as you move away!
The orc hits you but does no damage. 😱 HP[+1]
The orc attacks as you move away! The orc hits you but does no damage.
You see here a +0 dagger {short}.
The orc attacks as you move away! The orc hits you with a +0 club.
* * * LOW HITPOINT WARNING * * *
😱 HP[-3]
You take 3 damage, and now have 2/58 hp.
There is a stone staircase leading down here. 😱 HP[+1]
The orc completely misses you.
You fly downwards.
You hear the hiss of flowing sand.
There is an entrance to an ossuary on this level.
Hurry and find it before the portal is buried!
Prince Ribbit gives a loud, deep croak!
There is a stone staircase leading up here. 😱 HP[+1]
A dart slug comes into view.
Prince Ribbit blinks! 😱 HP[+1]
The dart slug launches a dart at you. The slug dart misses you. 😱 HP[+1]
The dart slug launches a dart at you.
The slug dart hits you but does no damage. 😱 HP[+1] Crazy Yiuf shouts! 😱 HP[+1]
You start resting.
An orc is nearby!
You hit the orc. You burn the orc. Your headbutt misses the orc.
The orc hits you but does no damage. 😱 HP[+1]
You hit the orc. You burn the orc.
You kill the orc!
Prince Ribbit hits you.
* * * LOW HITPOINT WARNING * * *
😱 HP[-6]
You take 6 damage, and now have 3/58 hp.
You hit Prince Ribbit but do no damage. Prince Ribbit hits you.
* * * LOW HITPOINT WARNING * * *
Prince Ribbit hits you!
You die...

Skill      XL: |  1  2  3  4  5 |
---------------+----------------+-----
Fighting       | 4 5 6 |  6.3
Axes           | 3 4 5 |  5.7
Armour         | |  3.6
Shields        | |  3.6

Action                   |  1- 3 |  4- 6 || total
-------------------------+-------+-------++-------
Melee: War axe           |    72 |    36 ||   108
       Headbutt          |     7 |     2 ||     9
Armor: Scale mail        |    32 |       ||    32
       Chain mail        |     8 |    23 ||    31
Dodge: Dodged            |    30 |    15 ||    45
Block: Buckler           |    17 |    12 ||    29

Levels and vault maps discovered:
D:1:      onia_arrival_mini_spirals, layout_basic,
          hellmonk_ecumenical_altar_arch_garden
D:2:      layout_loops_ring, serial_forest, infiniplex_forest_clump_tiny,
          infiniplex_forest_lined_room_3, infiniplex_forest_zigzag_1,
          infiniplex_forest_clump_small, infiniplex_forest_clump_curved,
          infiniplex_forest_straight_2, infiniplex_forest_straight_1
D:4:      layout_basic, uniq_menkaure
D:5:      minmay_clustersquares, layout_basic, nicolae_overflow_squiral,
          chequers_ossuary_entry_cave, minmay_manual_moon, uniq_sigmund,
          uniq_prince_ribbit1, uniq_crazy_yiuf_cottage

Notes
Turn   | Place    | Note
-------+----------+-------------------------------------------
     0 | D:1      | Sanktem7 the Minotaur Fighter began the quest for the Orb.
     0 | D:1      | Reached XP level 1. HP: 19/19 MP: 0/0
     0 | D:1      | magus.rc [v1.9.6]
   152 | D:1      | Reached skill level 4 in Fighting
   384 | D:1      | You pick up a book of Flames and begin reading...
   384 | D:1      | You add the spells Foxfire, Conjure Flame, Inner Flame and
                  | Flame Wave to your library.
   420 | D:1      | Reached XP level 2. HP: 22/27 MP: 1/1
   539 | D:1      | Reached skill level 3 in Axes
   583 | D:1      | Found a faded altar of an unknown god.
  1146 | D:2      | Reached XP level 3. HP: 34/34 MP: 2/2
  1238 | D:2      | Reached skill level 4 in Axes
  1394 | D:2      | Reached XP level 4. HP: 41/41 MP: 3/3
  1477 | D:2      | Reached skill level 5 in Fighting
  1558 | D:2      | You fall into a shaft and drop 2 floors!
  1604 | D:4      | HP: 1/42 [iguana (10)]
  1607 | D:4      | Reached XP level 5. HP: 2/49 MP: 4/4
  1965 | D:4      | Noticed Menkaure
  1979 | D:4      | Killed Menkaure
  1979 | D:4      | HP: 10/49 [orc priest/divine providence (13)]
  1980 | D:4      | Reached skill level 6 in Fighting
  1980 | D:4      | Reached skill level 5 in Axes
  1980 | D:4      | Reached XP level 6. HP: 12/58 MP: 5/5
  1980 | D:4      | HP: 3/58 [orc priest/divine providence (9)]
  1992 | D:4      | HP: 2/58 [orc/+0 club (3)]
  1996 | D:5      | Entered Level 5 of the Dungeon
  1996 | D:5      | Noticed Prince Ribbit
  2019 | D:5      | Found a runed translucent door.
  2020 | D:5      | Noticed Crazy Yiuf
  2027 | D:5      | HP: 3/58 [Prince Ribbit (6)]
  2028 | D:5      | HP: 1/58 [Prince Ribbit (2)]
  2028 | D:5      | Mangled by Prince Ribbit

Vanquished Creatures
  Menkaure (D:4)
  An orc priest (D:2)
  2 iguanas (D:4)
  2 adders
  A worm (D:2)
  10 orcs
  4 ball pythons
  3 endoplasms
  2 giant cockroaches
  4 hobgoblins
  3 jackals (D:1)
  2 quokkas (D:2)
  2 bats (D:1)
  2 frilled lizards
  5 goblins
  2 kobolds
  2 rats
48 creatures vanquished.

Vanquished Creatures (others)
  A plant (D:2)
1 creature vanquished.

Grand Total: 49 creatures vanquished

Table legend:
 A = Non-vault XP
 B = Vault XP
 C = Vault XP percentage of total XP
 D = Non-vault monster count
 E = Vault monster count
 F = Vault count percentage of total count
                 A         B        C        D         E       F
            +---------+---------+-------+---------+---------+-------
      Total |     229 |     175 |  43.3 |      47 |       1 |   2.1
            +---------+---------+-------+---------+---------+-------
        D:1 |      34 |       0 |   0.0 |      20 |       0 |   0.0
        D:2 |      80 |       0 |   0.0 |      14 |       0 |   0.0
        D:4 |     112 |     175 |  61.0 |      12 |       1 |   7.7
        D:5 |       3 |       0 |   0.0 |       1 |       0 |   0.0
            +---------+---------+-------+---------+---------+-------

Illustrated notes

Table legend:
 A = Kills in this place as a percentage of kills in entire the game.
 B = Kills by you in this place as a percentage of kills by you in the entire game.
 C = Kills by friends in this place as a percentage of kills by friends in the entire game.
 D = Other kills in this place as a percentage of other kills in the entire game.
 E = Experience gained in this place as a percentage of experience gained in the entire game.
 F = Experience gained in this place divided by the number of levels of this place that you have seen.
                   A       B       C       D       E      F
               +-------+-------+-------+-------+-------+----------------------
         Total | 100.0 | 100.0 |   N/A |   N/A | 100.0 | 101.0
       Dungeon | 100.0 | 100.0 |   N/A |   N/A | 100.0 | 101.0
               +-------+-------+-------+-------+-------+----------------------

Table legend: (Time is in decaauts)
 A = Elapsed time spent in this place.
 B = Non-inter-level travel time spent in this place.
 C = Inter-level travel time spent in this place.
 D = Time resting spent in this place.
 E = Time spent auto-exploring this place.
 F = Levels seen in this place.
 G = Mean time per level.
                   A        B        C        D        E       F      G
               +--------+--------+--------+--------+--------+-----+--------+
         Total |   2063 |   2038 |     25 |    295 |   1413 |   4 |  515.8 |
       Dungeon |   2063 |   2038 |     25 |    295 |   1413 |   4 |  515.8 |
               +--------+--------+--------+--------+--------+-----+--------+

Top non-repeatable levels by time:
     D:1: 1086 daAuts
     D:2: 499 daAuts
     D:4: 445 daAuts
     D:5: 32 daAuts
